 Dungeon Crawl Stone Soup version 0.22.0 (webtiles) character file.

362 Blackhawk the Shield-Bearer (level 6, -1/50 HPs)
             Began as a Formicid Fighter on Oct 26, 2018.
             Was a Follower of Makhleb.
             Slain by a sky beast (5 damage)
             ... on level 4 of the Dungeon on Oct 27, 2018.
             The game lasted 00:06:31 (3150 turns).

Blackhawk the Shield-Bearer (Formicid Fighter)      Turns: 3150, Time: 00:06:32

Health: -1/50      AC:  9    Str: 23    XL:     6   Next: 99%
Magic:  6/6        EV:  6    Int:  7    God:    Makhleb [*.....]
Gold:   154        SH: 10    Dex: 10    Spells: 5/5 levels left

rFire    . . .     SeeInvis +   a - +0 flail
rCold    . . .     Gourm    .   c - +0 shield
rNeg     . . .     Faith    .   r - +0 chain mail
rPois    .         Spirit   .   (helmet unavailable)
rElec    .         Reflect  .   (no cloak)
rCorr    .         Harm     .   (no gloves)
MR       .....                  (no boots)
Stlth    ..........             (no amulet)
HPRegen  0.16/turn              (no ring)
MPRegen  0.10/turn              (no ring)

@: no status effects
A: permanent stasis, dig shafts and tunnels, four strong arms, antennae 3
a: Dig, Shaft Self, Renounce Religion


You were on level 4 of the Dungeon.
You worshipped Makhleb.
Makhleb was aware of your devotion.
You were not hungry.

You visited 1 branch of the dungeon, and saw 5 of its levels.

You collected 154 gold pieces.

Inventory:

Hand Weapons
 a - a +0 flail (weapon)
 m - a +0 hunting sling
Missiles
 j - 76 stones (quivered)
 s - 5 tomahawks
 A - 8 tomahawks of returning
Armour
 b - a +0 scale mail
 c - a +0 shield (worn)
 r - a +0 chain mail (worn)
Jewellery
 u - an uncursed amulet of regeneration {unknown}
Wands
 p - a wand of clouds (5)
 w - a wand of flame (12)
Scrolls
 e - 6 scrolls of identify {unknown}
 g - a scroll of fear {unknown}
 i - a scroll of enchant armour {unknown}
 k - 3 scrolls of remove curse {unknown}
 n - a scroll of enchant weapon {unknown}
 o - 2 scrolls of teleportation {unknown}
 t - 2 scrolls of immolation {unknown}
 y - a scroll of blinking {unknown}
 C - a scroll of magic mapping {unknown}
Potions
 d - 2 potions of might
 h - 2 potions of curing {unknown}
 l - a potion of berserk rage {unknown}
 q - a potion of heal wounds {unknown}
 v - a potion of agility {unknown}
 x - a potion of flight {unknown}
 z - a potion of lignification {unknown}
Comestibles
 f - 9 rations
 B - a chunk of flesh


   Skills:
 + Level 4.8 Fighting
 + Level 3.7 Maces & Flails
 + Level 1.1 Slings
 + Level 4.8 Armour
 + Level 5.3 Shields


You had 5 spell levels left.
You didn't know any spells.
Your spell library was empty.

Dungeon Overview and Level Annotations

Branches:
Dungeon (5/15)
 Temple: D:4-7

Altars:
Makhleb
Okawaru
Ru
Yredelemnul


Innate Abilities, Weirdness & Mutations

You cannot be hasted, slowed, berserked, paralysed or teleported.
You can dig through walls and to a lower floor.
Your four strong arms can wield two-handed weapons with a shield.
You have a pair of large antennae on your head. (SInv)


Message History

The sky beast hits you.
* * * LOW HITPOINT WARNING * * *
The sky beast shocks you.
* * * LOW HITPOINT WARNING * * *
You closely miss the sky beast.
The sky beast is severely wounded.
You block the sky beast's attack.
The sky beast hits you but does no damage.
You closely miss the sky beast.
The sky beast is severely wounded.
You block the sky beast's attack.
You barely miss the sky beast.
The sky beast is severely wounded.
The sky beast hits you but does no damage.
Your chain mail prevents you from hitting the sky beast.
The sky beast is severely wounded.
The sky beast hits you.
* * * LOW HITPOINT WARNING * * *
The sky beast shocks you.
You die...

...._...## #.....# #.#
##.#.#..# ####.###.# #.#
.#......# #....# #.# #.#
.#......# #....# #.# #.#
........####....# #.# #.#
.##.##.....#....###.# #.#
.##..............##.######.#
................)Y.........#
................@##.########
#.......#.#......##.#
#.....(.#)##.....##.#
#.......#.#########.# ######
#.......#.## #.# #....<
...........# #.# #.####
##.######### #.# #.# ....#
#.########.# ....#
#..........#


You could see a sky beast (invisible).

Vanquished Creatures
  2 hounds
  A jelly (D:5)
  An orc wizard (D:3)
  A worker ant (D:4)
  Natasha (thrice) (D:3)
  2 adders
  3 gnolls
  An ooze (D:2)
  5 worms
  A dart slug (D:1)
  4 leopard geckos
  11 orcs
  7 bats
  2 giant cockroaches
  4 goblins
  10 hobgoblins
  8 jackals
  3 kobolds
  2 quokkas
  3 frilled lizards (D:1)
  A quokka skeleton (D:4)
  A rat (D:1)
  A spectral orc (D:3)
77 creatures vanquished.

Notes
Turn   | Place    | Note
-------+----------+-------------------------------------------
     0 | D:1      | Blackhawk the Formicid Fighter began the quest for the Orb.
     0 | D:1      | Reached XP level 1. HP: 18/18 MP: 1/1
   176 | D:1      | Reached XP level 2. HP: 24/24 MP: 2/2
   446 | D:1      | Reached skill level 4 in Shields
   446 | D:1      | Reached XP level 3. HP: 29/29 MP: 3/3
   774 | D:2      | Found a sacrificial altar of Ru.
  1085 | D:2      | Reached XP level 4. HP: 37/37 MP: 4/4
  1088 | D:2      | Found a burning altar of Makhleb.
  1108 | D:2      | Became a worshipper of Makhleb the Destroyer
  1439 | D:3      | Noticed Natasha
  1463 | D:3      | Killed Natasha
  1463 | D:3      | Reached XP level 5. HP: 28/42 MP: 5/5
  1597 | D:3      | Noticed Natasha
  1602 | D:3      | Killed Natasha
  1872 | D:3      | Noticed Natasha
  1880 | D:3      | Killed Natasha
  1880 | D:3      | Reached XP level 6. HP: 35/49 MP: 6/6
  1992 | D:3      | Reached skill level 5 in Shields
  2077 | D:3      | Found a basalt altar of Yredelemnul.
  2239 | D:4      | Reached * piety under Makhleb
  2430 | D:4      | Found an iron altar of Okawaru.
  2970 | D:5      | Entered Level 5 of the Dungeon
  3096 | D:5      | Reached skill level 1 in Slings
  3110 | D:5      | Found a sacrificial altar of Ru.
  3110 | D:5      | Noticed a sky beast
  3150 | D:4      | Slain by a sky beast

Skill      XL: |  1  2  3  4  5  6 |
---------------+-------------------+-----
Shields        | 4 5 |  5.3
Fighting       | 4 |  4.8
Armour         | 4 |  4.8
Maces & Flails | 3 |  3.7
Slings         | 1 |  1.1

Action                   |  1- 3 |  4- 6 || total
-------------------------+-------+-------++-------
Melee: Flail             |   124 |   217 ||   341
 Abil: Dig               |       |     2 ||     2
  Eat: Chunk             |     1 |     7 ||     8
Armor: Scale mail        |    60 |    62 ||   122
       Chain mail        |       |    30 ||    30
Dodge: Dodged            |    41 |    87 ||   128
Block: Shield            |    82 |   148 ||   230
